MLB
MILWAUKEE BREWERS @ ST. LOUIS CARDINALS
08/31/2047
 
TOP OF THE 1ST
Milwaukee Brewers batting - Pitching for St. Louis Cardinals : RHP Chad Mangum
Pitching: RHP Chad Mangum
Batting: RHB Akitada Nishizawa 0-0: Ball
1-0: Called Strike
1-1: Ball
2-1: Foul Ball, location: 2F
2-2: Ball
3-2: Fly out, F7 (Line Drive, 78M, EV 88.1 MPH)
Batting: SHB Junzo Kato 0-0: SOLO HOME RUN (Flyball, 78XD, EV 98.8 MPH), Distance : 390 ft
Batting: SHB Lewis Thorpe Jr. 0-0: Ball
1-0: Ball
2-0: Ball
3-0: Base on Balls
Batting: RHB Mike Thornton 0-0: Ball
Lewis Thorpe Jr. steals 2nd base (no throw)
1-0: SINGLE (Groundball, 6MD, EV 101.2 MPH)
Lewis Thorpe Jr. to third
Batting: RHB Bobby Muniz 0-0: Ball
1-0: Ball
2-0: Ball
3-0: Called Strike
3-1: Grounds into double play, 6-4-3 (Groundball, 6, EV 85.0 MPH)
Top of the 1st over - 1 run, 2 hits, 0 errors, 1 left on base; Milwaukee 1 - St. Louis 0
BOTTOM OF THE 1ST
St. Louis Cardinals batting - Pitching for Milwaukee Brewers : LHP Dale Ahernfeld
Pitching: LHP Dale Ahernfeld
Batting: LHB Ichiro Toyota 0-0: Ball
1-0: Called Strike
1-1: SINGLE (Groundball, 3D, EV 94.4 MPH)
Batting: RHB Tenshou Takita 0-0: Grounds into double play, 4-6-3 (Groundball, 4S, EV 91.2 MPH)
Batting: SHB Antoine Roux 0-0: Called Strike
0-1: Swinging Strike
0-2: Ball
1-2: Foul Ball, location: 2F
1-2: Ball
2-2: Foul Ball, location: 2F
2-2: Foul Ball, location: 2F
2-2: Foul Ball, location: 2F
2-2: Foul Ball, location: 2F
2-2: Ball
3-2: Strikes out looking
Bottom of the 1st over - 0 runs, 1 hit, 0 errors, 0 left on base; Milwaukee 1 - St. Louis 0
TOP OF THE 2ND
Milwaukee Brewers batting - Pitching for St. Louis Cardinals : RHP Chad Mangum
Batting: RHB Noah Stanley 0-0: Fly out, F9 (Flyball, 9, EV 80.6 MPH)
Batting: RHB Daniel Donovan 0-0: Ball
1-0: Ball
2-0: Foul Ball, location: 2F
2-1: Called Strike
2-2: Foul Ball, location: 2F
2-2: Ground out 6-3 (Groundball, 6, EV 110.0 MPH)
Batting: RHB Dave Gonzalez 0-0: Called Strike
0-1: SINGLE (Flyball, 78S, EV 98.1 MPH)
Batting: RHB Kisho Ito 0-0: Ball
1-0: Fielders Choice at 2nd, 5-4 (Groundball, 56, EV 95.6 MPH)
Top of the 2nd over - 0 runs, 1 hit, 0 errors, 1 left on base; Milwaukee 1 - St. Louis 0
BOTTOM OF THE 2ND
St. Louis Cardinals batting - Pitching for Milwaukee Brewers : LHP Dale Ahernfeld
Batting: RHB Melvin Enriquez 0-0: Ball
1-0: Ground out 5-3 (Groundball, 56S, EV 83.1 MPH)
Batting: RHB Jordan Diaz 0-0: Ball
1-0: Ball
2-0: Ball
3-0: Base on Balls
Batting: SHB Jason Kirby 0-0: Called Strike
0-1: Swinging Strike
0-2: Foul Ball, location: 2F
0-2: Ball
1-2: Ball
2-2: Ball
3-2: Reached on error, E5 (Groundball, 56, EV 93.8 MPH)
Jordan Diaz to second
Batting: RHB Pedro Nin 0-0: Ball
1-0: Ball
2-0: Foul Ball, location: 2F
2-1: Foul Ball, location: 2F
2-2: Foul Ball, location: 2F
2-2: Hit by Pitch
Jordan Diaz to third
Jason Kirby to second
Batting: RHB Klaas Meij 0-0: Ball
1-0: Foul Ball, location: 2F
1-1: Fly out, F9 (Flyball, 89S, EV 92.5 MPH)
Batting: RHB Fabrice Bertin 0-0: Fly out, F3 (Popup, 3L, EV 60.6 MPH)
Bottom of the 2nd over - 0 runs, 0 hits, 1 error, 3 left on base; Milwaukee 1 - St. Louis 0
TOP OF THE 3RD
Milwaukee Brewers batting - Pitching for St. Louis Cardinals : RHP Chad Mangum
Batting: RHB Akitada Nishizawa 0-0: Swinging Strike
0-1: Swinging Strike
0-2: Foul Ball, location: 2F
0-2: Ball
1-2: Ball
2-2: Strikes out swinging
Batting: SHB Junzo Kato 0-0: Foul Ball, location: 2F
0-1: Ball
1-1: SINGLE (Line Drive, 7S, EV 96.2 MPH)
Batting: SHB Lewis Thorpe Jr. 0-0: Ball
1-0: Foul Ball, location: 2F
1-1: Ball
2-1: Swinging Strike
2-2: Strikes out swinging
Batting: RHB Mike Thornton 0-0: Ball
1-0: Ball
2-0: Swinging Strike
2-1: Ball
3-1: Fly out, F9 (Flyball, 9D, EV 101.2 MPH)
Top of the 3rd over - 0 runs, 1 hit, 0 errors, 1 left on base; Milwaukee 1 - St. Louis 0
BOTTOM OF THE 3RD
St. Louis Cardinals batting - Pitching for Milwaukee Brewers : LHP Dale Ahernfeld
Batting: LHB Ichiro Toyota 0-0: Ball
1-0: Called Strike
1-1: Ball
2-1: Foul Ball, location: 2F
2-2: Ball
3-2: Fly out, F6 (Popup, 6MS, EV 68.1 MPH)
Batting: RHB Tenshou Takita 0-0: Foul Ball, location: 2F
0-1: Foul Ball, location: 2F
0-2: Ball
1-2: DOUBLE (Flyball, 8LXD, EV 96.2 MPH)
Batting: SHB Antoine Roux 0-0: Ball
1-0: Ball
2-0: Called Strike
2-1: Ground out 6-3 (Groundball, 56D, EV 90.6 MPH)
Batting: RHB Melvin Enriquez 0-0: Called Strike
0-1: Ball
1-1: Swinging Strike
1-2: Ball
2-2: Ground out 6-3 (Groundball, 6, EV 101.9 MPH)
Bottom of the 3rd over - 0 runs, 1 hit, 0 errors, 1 left on base; Milwaukee 1 - St. Louis 0
TOP OF THE 4TH
Milwaukee Brewers batting - Pitching for St. Louis Cardinals : RHP Chad Mangum
Batting: RHB Bobby Muniz 0-0: Swinging Strike
0-1: Called Strike
0-2: Ball
1-2: Strikes out swinging
Batting: RHB Noah Stanley 0-0: Foul Ball, location: 2F
0-1: Foul Ball, location: 2F
0-2: Strikes out looking
Batting: RHB Daniel Donovan 0-0: SOLO HOME RUN (Flyball, 7LD, EV 95.6 MPH), Distance : 355 ft
Batting: RHB Dave Gonzalez 0-0: Called Strike
0-1: Swinging Strike
0-2: Strikes out looking
Top of the 4th over - 1 run, 1 hit, 0 errors, 0 left on base; Milwaukee 2 - St. Louis 0
BOTTOM OF THE 4TH
St. Louis Cardinals batting - Pitching for Milwaukee Brewers : LHP Dale Ahernfeld
Batting: RHB Jordan Diaz 0-0: SINGLE (Line Drive, 56, EV 98.1 MPH)
Batting: SHB Jason Kirby 0-0: Called Strike
0-1: Foul Ball, location: 2F
0-2: SINGLE (Groundball, 56D, EV 110.6 MPH)
Jordan Diaz to second
Batting: RHB Pedro Nin 0-0: Ball
1-0: Fielders Choice at 2nd, 5-4 (Groundball, 5, EV 87.5 MPH)
Jordan Diaz to third
Batting: RHB Klaas Meij 0-0: Foul Ball, location: 2F
0-1: Fly out, F6 (Flyball, 6D, EV 85.0 MPH)
Batting: RHB Fabrice Bertin 0-0: Ball
1-0: Called Strike
1-1: Swinging Strike
1-2: Single, Error in OF, E8, batter to second base (Groundball, 6MD, EV 98.1 MPH)
Jordan Diaz scores
Pedro Nin to third
Batting: LHB Ichiro Toyota 0-0: Ball
1-0: Foul Ball, location: 2F
1-1: Ball
2-1: DOUBLE (Line Drive, 78M, EV 91.9 MPH)
Pedro Nin scores
Fabrice Bertin scores
Batting: RHB Tenshou Takita 0-0: Ball
1-0: Ball
2-0: Called Strike
2-1: Foul Ball, location: 2F
2-2: Foul Ball, location: 2F
2-2: Foul Ball, location: 2F
2-2: Fly out, F5 (Popup, 25, EV 87.5 MPH)
Bottom of the 4th over - 3 runs, 4 hits, 1 error, 1 left on base; Milwaukee 2 - St. Louis 3
TOP OF THE 5TH
Milwaukee Brewers batting - Pitching for St. Louis Cardinals : RHP Chad Mangum
Batting: RHB Kisho Ito 0-0: Ball
1-0: Called Strike
1-1: Ball
2-1: SOLO HOME RUN (Line Drive, 7D, EV 99.4 MPH), Distance : 376 ft
Batting: RHB Akitada Nishizawa 0-0: Swinging Strike
0-1: Ball
1-1: Called Strike
1-2: Ground out 6-3 (Groundball, 6, EV 96.9 MPH)
Batting: SHB Junzo Kato 0-0: Fly out, F7 (Flyball, 7D, EV 108.8 MPH)
Batting: SHB Lewis Thorpe Jr. 0-0: Ball
1-0: Called Strike
1-1: Ball
2-1: Foul Ball, location: 2F
2-2: Foul Ball, location: 2F
2-2: SINGLE (Line Drive, 89S, EV 110.0 MPH)
Batting: RHB Mike Thornton 0-0: Called Strike
0-1: Fielders Choice at 2nd, 6-4 (Groundball, 6, EV 105.6 MPH)
Top of the 5th over - 1 run, 2 hits, 0 errors, 1 left on base; Milwaukee 3 - St. Louis 3
BOTTOM OF THE 5TH
St. Louis Cardinals batting - Pitching for Milwaukee Brewers : LHP Dale Ahernfeld
Batting: SHB Antoine Roux 0-0: Swinging Strike
0-1: Foul Ball, location: 2F
0-2: Foul Ball, location: 2F
0-2: Ball
1-2: Ball
2-2: Foul Ball, location: 2F
2-2: Strikes out swinging
Pitching: RHP Mark Hincks
Batting: RHB Melvin Enriquez 0-0: Called Strike
0-1: Ball
1-1: Ground out 5-3 (Groundball, 56, EV 80.0 MPH)
Batting: RHB Jordan Diaz 0-0: Ball
1-0: Ball
2-0: Called Strike
2-1: Ball
3-1: Swinging Strike
3-2: Base on Balls
Batting: SHB Jason Kirby 0-0: Ball
Pickoff Throw to First - Out! 1-3 CS
Bottom of the 5th over - 0 runs, 0 hits, 0 errors, 0 left on base; Milwaukee 3 - St. Louis 3
TOP OF THE 6TH
Milwaukee Brewers batting - Pitching for St. Louis Cardinals : RHP Chad Mangum
Batting: RHB Bobby Muniz 0-0: Ball
1-0: Called Strike
1-1: Ball
2-1: DOUBLE (Line Drive, 89M, EV 100.0 MPH)
Batting: RHB Noah Stanley 0-0: Called Strike
0-1: Ball
1-1: Ball
2-1: Foul Ball, location: 2F
2-2: Strikes out looking
Batting: RHB Daniel Donovan 0-0: Foul Ball, location: 2F
0-1: Fly out, F7 (Flyball, 7S, EV 78.8 MPH)
Batting: RHB Dave Gonzalez 0-0: Ground out 6-3 (Groundball, 56, EV 101.9 MPH)
Top of the 6th over - 0 runs, 1 hit, 0 errors, 1 left on base; Milwaukee 3 - St. Louis 3
BOTTOM OF THE 6TH
St. Louis Cardinals batting - Pitching for Milwaukee Brewers : RHP Mark Hincks
Batting: SHB Jason Kirby 0-0: DOUBLE (Line Drive, 9LM, EV 111.2 MPH)
Batting: RHB Pedro Nin 0-0: Ball
1-0: Called Strike
1-1: Foul Ball, location: 2F
1-2: Foul Ball, location: 2F
1-2: Foul Ball, location: 2F
1-2: Strikes out swinging
Batting: RHB Klaas Meij 0-0: Ball
1-0: Ball
2-0: Ball
3-0: Called Strike
3-1: SINGLE (Groundball, 56D, EV 103.1 MPH)
Jason Kirby to third
Runner from 3rd tries for Home, SAFE, throw by LF to home
Batting: RHB Fabrice Bertin 0-0: Ball
1-0: Ball
2-0: Called Strike
2-1: Called Strike
2-2: Strikes out swinging
Batting: LHB Ichiro Toyota 0-0: Ball
Wild Pitch!
Klaas Meij to second
1-0: Fly out, F4 (Popup, 34S, EV 86.2 MPH)
Bottom of the 6th over - 1 run, 2 hits, 0 errors, 1 left on base; Milwaukee 3 - St. Louis 4
TOP OF THE 7TH
Milwaukee Brewers batting - Pitching for St. Louis Cardinals : RHP Chad Mangum
Batting: RHB Kisho Ito 0-0: Ball
1-0: SINGLE (Groundball, 6MD, EV 100.0 MPH)
Batting: RHB Akitada Nishizawa 0-0: Bunted foul
0-1: Sac Bunt to 3S - play at first, batter OUT! 3-1
Kisho Ito to second
Batting: SHB Junzo Kato 0-0: Called Strike
0-1: Called Strike
0-2: Ball
1-2: DOUBLE (Flyball, 8LXD, EV 101.2 MPH)
Kisho Ito scores
Batting: SHB Lewis Thorpe Jr. 0-0: Intentional Walk
Batting: RHB Mike Thornton 0-0: Fly out, F8 (Flyball, 8RM, EV 90.0 MPH)
Batting: RHB Bobby Muniz 0-0: Ball
1-0: Foul Ball, location: 2F
1-1: Ball
2-1: Fly out, F9 (Line Drive, 9S, EV 95.6 MPH)
Top of the 7th over - 1 run, 2 hits, 0 errors, 2 left on base; Milwaukee 4 - St. Louis 4
BOTTOM OF THE 7TH
St. Louis Cardinals batting - Pitching for Milwaukee Brewers : RHP Mark Hincks
Batting: RHB Tenshou Takita 0-0: Called Strike
0-1: Ball
1-1: Foul Ball, location: 2F
1-2: Ball
2-2: Fly out, F6 (Line Drive, 6D, EV 67.5 MPH)
Batting: SHB Antoine Roux 0-0: Ball
1-0: Ball
2-0: SINGLE (Line Drive, 78S, EV 108.1 MPH)
Batting: RHB Melvin Enriquez 0-0: Foul Ball, location: 2F
0-1: Fly out, F5 (Popup, 56S, EV 72.5 MPH)
Batting: RHB Jordan Diaz 0-0: Called Strike
Antoine Roux steals 2nd base (no throw)
0-1: Ball
1-1: Ball
2-1: Fly out, F8 (Flyball, 8LS, EV 93.8 MPH)
Bottom of the 7th over - 0 runs, 1 hit, 0 errors, 1 left on base; Milwaukee 4 - St. Louis 4
TOP OF THE 8TH
Milwaukee Brewers batting - Pitching for St. Louis Cardinals : RHP Chad Mangum
Pitching: RHP David Murphy
Batting: RHB Noah Stanley 0-0: Ground out 6-3 (Groundball, 6, EV 82.5 MPH)
Batting: RHB Daniel Donovan 0-0: Called Strike
0-1: Ball
1-1: Called Strike
1-2: SINGLE (Flyball, 78S, EV 88.8 MPH)
Batting: RHB Dave Gonzalez 0-0: Ball
1-0: Fly out, F6 (Popup, 6D, EV 66.9 MPH)
Batting: RHB Kisho Ito 0-0: Called Strike
0-1: Foul Ball, location: 2F
0-2: Strikes out swinging
Top of the 8th over - 0 runs, 1 hit, 0 errors, 1 left on base; Milwaukee 4 - St. Louis 4
BOTTOM OF THE 8TH
St. Louis Cardinals batting - Pitching for Milwaukee Brewers : RHP Mark Hincks
Pitching: RHP Mekonen Mahfudh
Batting: SHB Jason Kirby 0-0: Ball
1-0: Foul Ball, location: 2F
1-1: Ball
2-1: Ball
3-1: Called Strike
3-2: Ground out 5-3 (Groundball, 56, EV 106.2 MPH)
Batting: RHB Pedro Nin 0-0: Swinging Strike
0-1: Foul Ball, location: 2F
0-2: Strikes out swinging
Pinch Hitting: LHB Pat Sutton 0-0: Called Strike
0-1: Swinging Strike
0-2: Strikes out swinging
Bottom of the 8th over - 0 runs, 0 hits, 0 errors, 0 left on base; Milwaukee 4 - St. Louis 4
TOP OF THE 9TH
Milwaukee Brewers batting - Pitching for St. Louis Cardinals : RHP David Murphy
Pitching: RHP Bryan Banana
Now at 1B: Terry Baginski
Now at 3B: Tenshou Takita
Batting: RHB Akitada Nishizawa 0-0: Swinging Strike
0-1: Called Strike
0-2: Ball
1-2: Ball
2-2: Ball
3-2: Base on Balls
Batting: SHB Junzo Kato 0-0: Foul Ball, location: 2F
0-1: Foul Ball, location: 2F
0-2: Ball
1-2: Ball
2-2: Strikes out swinging
Batting: SHB Lewis Thorpe Jr. 0-0: Ball
1-0: Ball
2-0: Ball
3-0: Called Strike
3-1: Base on Balls
Akitada Nishizawa to second
Batting: RHB Mike Thornton 0-0: Foul Ball, location: 2F
0-1: Called Strike
0-2: Ball
1-2: Ball
2-2: Strikes out swinging
Batting: RHB Bobby Muniz 0-0: Ball
1-0: Called Strike
1-1: Ball
2-1: Fly out, F7 (Flyball, 7D, EV 90.0 MPH)
Top of the 9th over - 0 runs, 0 hits, 0 errors, 2 left on base; Milwaukee 4 - St. Louis 4
BOTTOM OF THE 9TH
St. Louis Cardinals batting - Pitching for Milwaukee Brewers : RHP Mekonen Mahfudh
Batting: RHB Fabrice Bertin 0-0: Ball
1-0: Called Strike
1-1: Called Strike
1-2: Strikes out looking
Batting: LHB Ichiro Toyota 0-0: Foul Ball, location: 2F
0-1: Swinging Strike
0-2: Foul Ball, location: 2F
0-2: Ball
1-2: Ball
2-2: Ball
3-2: Foul Ball, location: 2F
3-2: Base on Balls
Batting: RHB Tenshou Takita 0-0: Foul Ball, location: 2F
0-1: Foul Ball, location: 2F
0-2: Foul Ball, location: 2F
0-2: Ball
Ichiro Toyota is caught stealing 2nd base 2-4
1-2: Strikes out swinging
Bottom of the 9th over - 0 runs, 0 hits, 0 errors, 0 left on base; Milwaukee 4 - St. Louis 4
TOP OF THE 10TH
Milwaukee Brewers batting - Pitching for St. Louis Cardinals : RHP Bryan Banana
Pinch Hitting: SHB Pat Wilson 0-0: Ball
1-0: Called Strike
1-1: Ball
2-1: Swinging Strike
2-2: Ball
3-2: Strikes out swinging
Batting: RHB Daniel Donovan 0-0: Ball
1-0: Ball
2-0: Called Strike
2-1: Swinging Strike
2-2: Ball
3-2: Foul Ball, location: 2F
3-2: Ground out 6-3 (Groundball, 6, EV 80.0 MPH)
Batting: RHB Dave Gonzalez 0-0: Ball
1-0: Called Strike
1-1: Ball
2-1: Called Strike
2-2: Strikes out swinging
Top of the 10th over - 0 runs, 0 hits, 0 errors, 0 left on base; Milwaukee 4 - St. Louis 4
BOTTOM OF THE 10TH
St. Louis Cardinals batting - Pitching for Milwaukee Brewers : RHP Mekonen Mahfudh
Pitching: RHP Javy Uribe
Now at 2B: Junzo Kato
Now at 3B: Adrian Rudkilde
Batting: SHB Antoine Roux 0-0: Swinging Strike
0-1: Called Strike
0-2: Ball
1-2: Ball
2-2: Ball
3-2: Strikes out looking
Batting: RHB Melvin Enriquez 0-0: Ball
1-0: Foul Ball, location: 2F
1-1: Fly out, F8 (Flyball, 89D, EV 101.9 MPH)
Batting: RHB Jordan Diaz 0-0: Ground out U3 (Groundball, 34S, EV 86.9 MPH)
Bottom of the 10th over - 0 runs, 0 hits, 0 errors, 0 left on base; Milwaukee 4 - St. Louis 4
TOP OF THE 11TH
Milwaukee Brewers batting - Pitching for St. Louis Cardinals : RHP Bryan Banana
Pitching: RHP J.J. Sykes
Batting: RHB Kisho Ito 0-0: Ball
1-0: Ball
2-0: Ball
3-0: Called Strike
3-1: Fly out, F8 (Flyball, 8LM, EV 85.6 MPH)
Batting: RHB Akitada Nishizawa 0-0: Ball
1-0: Called Strike
1-1: SINGLE (Groundball, 6MD, EV 108.8 MPH)
Batting: SHB Junzo Kato 0-0: Grounds into double play, 6-4-3 (Groundball, 6, EV 83.1 MPH)
Top of the 11th over - 0 runs, 1 hit, 0 errors, 0 left on base; Milwaukee 4 - St. Louis 4
BOTTOM OF THE 11TH
St. Louis Cardinals batting - Pitching for Milwaukee Brewers : RHP Javy Uribe
Batting: SHB Jason Kirby 0-0: Called Strike
0-1: Ball
1-1: Called Strike
1-2: Strikes out swinging
Batting: RHB Pedro Nin 0-0: Ball
1-0: Ground out 5-3 (Groundball, 56, EV 94.4 MPH)
Pinch Hitting: LHB Tom Butterbaugh 0-0: Swinging Strike
0-1: Ball
1-1: Ground out U3 (Groundball, 3, EV 101.9 MPH)
Bottom of the 11th over - 0 runs, 0 hits, 0 errors, 0 left on base; Milwaukee 4 - St. Louis 4
TOP OF THE 12TH
Milwaukee Brewers batting - Pitching for St. Louis Cardinals : RHP J.J. Sykes
Now at 1B: Armando Carbajal
Batting: SHB Lewis Thorpe Jr. 0-0: Called Strike
0-1: Foul Ball, location: 2F
0-2: Ball
1-2: Strikes out looking
Batting: RHB Mike Thornton 0-0: Called Strike
0-1: Ball
1-1: Ball
2-1: Ball
3-1: Foul Ball, location: 2F
3-2: Ground out 4-3 (Groundball, 4, EV 88.1 MPH)
Batting: RHB Bobby Muniz 0-0: Ball
1-0: Called Strike
1-1: Fly out, F8 (Flyball, 8LD, EV 106.2 MPH)
Top of the 12th over - 0 runs, 0 hits, 0 errors, 0 left on base; Milwaukee 4 - St. Louis 4
BOTTOM OF THE 12TH
St. Louis Cardinals batting - Pitching for Milwaukee Brewers : RHP Javy Uribe
Batting: RHB Fabrice Bertin 0-0: Called Strike
0-1: Foul Ball, location: 2F
0-2: Ball
1-2: Ball
2-2: Fly out, F8 (Line Drive, 8RD, EV 104.4 MPH)
Batting: LHB Ichiro Toyota 0-0: Ball
1-0: Ball
2-0: Ball
3-0: Base on Balls
Pitching: RHP Chitoji Takemoto
Batting: RHB Tenshou Takita 0-0: Ball
1-0: Ball
2-0: Ball
3-0: Called Strike
3-1: Base on Balls
Ichiro Toyota to second
Batting: SHB Antoine Roux 0-0: Ball
1-0: Called Strike
1-1: Ball
2-1: Ball
3-1: Fly out, F8 (Flyball, 8LD, EV 95.6 MPH)
Batting: RHB Melvin Enriquez 0-0: Ball
1-0: Ball
2-0: Fly out, F8 (Line Drive, 89M, EV 96.9 MPH)
Bottom of the 12th over - 0 runs, 0 hits, 0 errors, 2 left on base; Milwaukee 4 - St. Louis 4
TOP OF THE 13TH
Milwaukee Brewers batting - Pitching for St. Louis Cardinals : RHP J.J. Sykes
Batting: RHB Adrian Rudkilde 0-0: Ball
1-0: Called Strike
1-1: Foul Ball, location: 2F
1-2: Ball
2-2: Foul Ball, location: 2F
2-2: Strikes out swinging
Batting: RHB Daniel Donovan 0-0: Ball
1-0: Foul Ball, location: 2F
1-1: Fly out, F6 (Popup, 6, EV 56.9 MPH)
Batting: RHB Dave Gonzalez 0-0: Ball
1-0: Called Strike
1-1: Foul Ball, location: 2F
1-2: Ball
2-2: Fly out, F8 (Line Drive, 8RD, EV 95.0 MPH)
Top of the 13th over - 0 runs, 0 hits, 0 errors, 0 left on base; Milwaukee 4 - St. Louis 4
BOTTOM OF THE 13TH
St. Louis Cardinals batting - Pitching for Milwaukee Brewers : RHP Chitoji Takemoto
Batting: RHB Jordan Diaz 0-0: Foul Ball, location: 2F
0-1: Called Strike
0-2: Ball
1-2: Strikes out looking
Batting: SHB Jason Kirby 0-0: Ball
1-0: Ball
2-0: Called Strike
2-1: Foul Ball, location: 2F
2-2: Strikes out looking
Batting: RHB Pedro Nin 0-0: Ball
1-0: Ball
2-0: Ground out 6-3 (Groundball, 6, EV 77.5 MPH)
Bottom of the 13th over - 0 runs, 0 hits, 0 errors, 0 left on base; Milwaukee 4 - St. Louis 4
TOP OF THE 14TH
Milwaukee Brewers batting - Pitching for St. Louis Cardinals : RHP J.J. Sykes
Pitching: RHP Parker Warr
Batting: RHB Kisho Ito 0-0: Ball
1-0: Called Strike
1-1: Called Strike
1-2: Foul Ball, location: 2F
1-2: Ball
2-2: Ground out 5-3 (Groundball, 5, EV 85.0 MPH)
Batting: RHB Akitada Nishizawa 0-0: Foul Ball, location: 2F
0-1: Foul Ball, location: 2F
0-2: Ball
1-2: Strikes out swinging
Batting: SHB Junzo Kato 0-0: Called Strike
0-1: Swinging Strike
0-2: Ball
1-2: Ball
2-2: Ball
3-2: Foul Ball, location: 2F
3-2: SOLO HOME RUN (Line Drive, 8LXD, EV 115.0 MPH), Distance : 426 ft
Batting: SHB Lewis Thorpe Jr. 0-0: Ball
1-0: Called Strike
1-1: Foul Ball, location: 2F
1-2: Hit by Pitch, AND HE CHARGES THE MOUND! The benches clear!
Pitching: RHP Danny Romero
Pinch Runner at 1st Sadataka Kuwahara:
Batting: RHB Mike Thornton 0-0: Called Strike
0-1: Ball
1-1: Ball
2-1: Foul Ball, location: 2F
2-2: Ball
3-2: Base on Balls
Sadataka Kuwahara to second
Batting: RHB Bobby Muniz 0-0: Ball
1-0: Ball
2-0: Ball
3-0: Base on Balls
Sadataka Kuwahara to third
Mike Thornton to second
Batting: RHB Adrian Rudkilde 0-0: Fly out, F9 (Flyball, 9LS, EV 85.0 MPH)
Top of the 14th over - 1 run, 1 hit, 0 errors, 3 left on base; Milwaukee 5 - St. Louis 4
BOTTOM OF THE 14TH
St. Louis Cardinals batting - Pitching for Milwaukee Brewers : RHP Chitoji Takemoto
Now in CF: Mike Williams
Batting: LHB Armando Carbajal 0-0: Ball
1-0: Fly out, F8 (Flyball, 8LD, EV 89.4 MPH)
Batting: RHB Fabrice Bertin 0-0: Ball
1-0: Ball
2-0: Ball
3-0: Base on Balls
Batting: LHB Ichiro Toyota 0-0: SINGLE (Flyball, 78S, EV 90.0 MPH)
Fabrice Bertin to second
Batting: RHB Tenshou Takita 0-0: Ball
1-0: Called Strike
1-1: Grounds into double play, 4-6-3 (Groundball, 4S, EV 78.8 MPH)
Bottom of the 14th over - 0 runs, 1 hit, 0 errors, 1 left on base; Milwaukee 5 - St. Louis 4
Thursday, December 15th , 2022 - OOTP Baseball 23.9 Build 102